 Dungeon Crawl Stone Soup version 0.17-a0-910-ga669010 (webtiles) character file.

97 hornqvist the Cudgeler (level 4, -11/42 HPs)
             Began as a Naga Fighter on May 2, 2015.
             Mangled by a gnoll
             ... wielding a +0 halberd
              (14 damage)
             ... on level 2 of the Dungeon.
             The game lasted 00:01:39 (2034 turns).

hornqvist the Cudgeler (Naga Fighter)               Turns: 2034, Time: 00:01:39

Health: -11/42     AC:  4    Str: 23    XL:     4   Next: 68%
Magic:  4/4        EV:  6    Int:  9    God:
Gold:   82         SH:  9    Dex: 11    Spells: 0 memorised, 3 levels left

rFire  . . .     SeeInvis +     a - +0 flail
rCold  . . .     Clarity  .     b - +0 scale mail
rNeg   . . .     SustAb   .     c - +0 shield
rPois  +         Gourm    .     (no helmet)
rElec  .         Spirit   .     (no cloak)
rCorr  .         Warding  .     (no gloves)
rMut   .         Stasis   .     (no barding)
MR     .....                    (no amulet)
Stlth  +.........               (no ring)
                                (no ring)

@: mighty, very slow, not resistant to hostile enchantments, very unstealthy
A: see invisible, deformed body, poison resistance, slowness 2, slow metabolism
1, spit poison 2, AC +1
a: Spit Poison


You were on level 2 of the Dungeon.
You were not hungry.

You visited 1 branch of the dungeon, and saw 2 of its levels.

You collected 82 gold pieces.

Inventory:

Hand weapons
 a - a +0 flail (weapon)
Armour
 b - a +0 scale mail (worn)
 c - a +0 shield (worn)
Scrolls
 f - a scroll of blinking {unknown}
 j - a scroll of enchant weapon {unknown}
 k - a scroll of remove curse {unknown}
Potions
 i - a potion of cancellation {unknown}
Comestibles
 e - 3 bread rations
 g - 2 beef jerkies
 h - a meat ration
 l - a chunk of flesh


   Skills:
 - Level 3.1 Fighting
 * Level 3.5 Maces & Flails
 - Level 2.4 Armour
 + Level 1.5 Dodging
 + Level 2.7 Stealth
 - Level 2.4 Shields


You had 3 spell levels left.
You didn't know any spells.

Dungeon Overview and Level Annotations

Branches:
Dungeon (2/15)

Altars:
Ru


Innate Abilities, Weirdness & Mutations

You cannot wear boots.
Your serpentine skin is tough (AC +1).
You have supernaturally acute eyesight.
Armour fits poorly on your strangely shaped body.
Your system is resistant to poisons.
You cover ground very slowly.
You have a slow metabolism.
You can spit poison.


Message History

You sock the gnoll! You block the gnoll's attack.
The gnoll hits you with a halberd.
* * * LOW HITPOINT WARNING * * *
The gnoll hits you with a flail of crushing!
* * * LOW HITPOINT WARNING * * *
x2 You take 14 damage, and have 11/42 hp.
MASSIVE DAMAGE!!
You are too injured to fight recklessly!
You are too injured to fight recklessly!
You are too injured to fight recklessly!
You are too injured to fight recklessly!
You are too injured to fight recklessly!
You bludgeon the gnoll!!
You kill the gnoll!
The gnoll hits you but does no damage.
The gnoll hits you from afar with a halberd!
* * * LOW HITPOINT WARNING * * *
You take 8 damage, and have 3/42 hp.
You completely miss the gnoll. The gnoll barely misses you.
The gnoll hits you from afar with a halberd!
You die...

#.. #.......).#...
#..# ######...####..#
#... ##.## #...# #..#
#gg##...###...####..#
#g.#................#
#..g...........>.....
#....g...###.######.#
#.###)...# #........#
#...@g...###.###.####
########.....# #.#
#####.###.# #.....#
###.### #.# #### #.#
#... #.###...
#.......


You could see 2 gnolls.

Vanquished Creatures
  3 adders (D:2)
  2 gnolls (D:2)
  A worm (D:2)
  A giant cockroach (D:2)
  3 goblins
  7 hobgoblins
  A quokka (D:2)
  3 ball pythons
  7 bats
  2 giant geckos
  6 giant newts
  7 kobolds
  7 rats
50 creatures vanquished.

Notes
Turn   | Place    | Note
--------------------------------------------------------------
     0 | D:1      | hornqvist, the Naga Fighter, began the quest for the Orb.
     0 | D:1      | Reached XP level 1. HP: 21/21 MP: 1/1
   229 | D:1      | Reached XP level 2. HP: 24/28 MP: 2/2
   684 | D:1      | Reached skill level 1 in Dodging
   810 | D:1      | Reached XP level 3. HP: 34/34 MP: 3/3
  1021 | D:2      | Reached skill level 1 in Stealth
  1173 | D:2      | Found a sacrificial altar of Ru.
  1534 | D:2      | Reached XP level 4. HP: 42/42 MP: 4/4
  2034 | D:2      | Mangled by a gnoll

Action                   |  1- 3 |  4- 6 || total
-------------------------+-------+-------++-------
Melee: Flail             |   142 |    47 ||   189
  Use: Potion            |       |     1 ||     1
  Eat: Chunk             |     1 |     2 ||     3
